 Dungeon Crawl Stone Soup version 0.21.0-25-ge575cb9 (webtiles) character file.

1626 tidbits the Insei (level 8, 0/61 HPs)
             Began as a Gnoll Transmuter on Jan 26, 2018.
             Was a Believer of Cheibriados.
             Slain by an orc
             ... wielding a +0 dagger
              (3 damage)
             ... on level 1 of the Orcish Mines.
             The game lasted 00:15:29 (1578 turns).

tidbits the Insei (Gnoll Transmuter)                Turns: 1578, Time: 00:15:30

Health: 0/61       AC:  3    Str: 22    XL:     8   Next: 97%
Magic:  17/17      EV: 17    Int: 28    God:    Cheibriados [**....]
Gold:   8          SH:  0    Dex: 21    Spells: 8/19 levels left

rFire    . . .     SeeInvis .     - Unarmed
rCold    . . .     Gourm    .   (no shield)
rNeg     . . .     Faith    .   b - +1 robe
rPois    .         Spirit   .   (no helmet)
rElec    .         Reflect  .   C - scarf {cloud immunity}
rCorr    .         Harm     .   (no gloves)
MR       .....                  (no boots)
Stlth    +++.......             (no amulet)
HPRegen  0.20/turn              s - ring of flight
MPRegen  0.15/turn              (no ring)

@: mighty, brilliant, weakened, very slightly contaminated, very slow
A: distributed training, fangs 1, strong nose
a: Bend Time, Renounce Religion, Evoke Flight


You were on level 1 of the Orcish Mines.
You worshipped Cheibriados.
Cheibriados was pleased with you.
You were not hungry.

You visited 3 branches of the dungeon, and saw 11 of its levels.
You also visited: Ossuary.

You collected 161 gold pieces.
You spent 153 gold pieces at shops.

Inventory:

Hand Weapons
 h - a +0 hunting sling
 j - a cursed -2 dagger
 l - a +0 war axe
Missiles
 a - 49 arrows
 B - 8 tomahawks (quivered)
 E - 2 throwing nets {!f}
Armour
 b - a +1 robe (worn)
 C - a scarf of cloud immunity (worn)
   (You found it on level 2 of the Dungeon)
Magical Staves
 q - an uncursed staff of energy {unknown}
   (You found it on level 8 of the Dungeon)
Jewellery
 s - a ring of flight (left hand)
   (You found it on level 5 of the Dungeon)
Wands
 o - a wand of iceblast (2)
 u - a wand of polymorph (18)
 v - a wand of flame (35)
Scrolls
 e - 2 scrolls of amnesia {unknown}
 i - a scroll of fear {unknown}
 n - 2 scrolls of enchant armour
 p - 2 scrolls of fog {unknown}
 r - 2 scrolls of remove curse
 w - 2 scrolls of magic mapping
 y - 2 scrolls of teleportation
Potions
 g - a potion of berserk rage
 k - 3 potions of curing
 m - 2 potions of degeneration
 A - a potion of cancellation
 F - a potion of flight
Books
 d - a book of Changes

   Spells                             Type                      Level
   a - Beastly Appendage              Transmutation                1
   b - Sticks to Snakes               Transmutation                2
   c - Spider Form                    Transmutation/Poison         3
   d - Ice Form                       Ice/Transmutation            4
   e - Blade Hands                    Transmutation                5
 t - a book of Conjurations
   (You found it on level 5 of the Dungeon)

   Spells                             Type                      Level
   a - Magic Dart                     Conjuration                  1
   b - Searing Ray                    Conjuration                  2
   c - Dazzling Spray                 Conjuration/Hexes            3
   d - Fulminant Prism                Conjuration/Hexes            4
   e - Force Lance                    Conjuration/Translocation    4
   f - Iskenderun's Mystic Blast      Conjuration                  4
Comestibles
 c - 3 rations


   Skills:
 + Level 4.5 Fighting
 + Level 3.6 Short Blades
 + Level 3.6 Long Blades
 + Level 3.6 Axes
 + Level 3.6 Maces & Flails
 + Level 3.6 Polearms
 + Level 3.6 Staves
 + Level 3.6 Slings
 + Level 3.6 Bows
 + Level 3.6 Crossbows
 + Level 3.6 Throwing
 + Level 3.6 Armour
 + Level 5.9 Dodging
 + Level 3.6 Stealth
 + Level 3.6 Shields
 + Level 7.5 Unarmed Combat
 + Level 6.2 Spellcasting
 + Level 3.0 Conjurations
 + Level 3.0 Hexes
 + Level 3.0 Charms
 + Level 3.0 Summonings
 + Level 3.0 Necromancy
 + Level 3.0 Translocations
 + Level 4.9 Transmutations
 + Level 3.0 Fire Magic
 + Level 3.0 Ice Magic
 + Level 3.0 Air Magic
 + Level 3.0 Earth Magic
 + Level 3.0 Poison Magic
 + Level 4.0 Invocations
 + Level 3.6 Evocations


You had 8 spell levels left.
You knew the following spells:

 Your Spells              Type           Power        Failure   Level  Hunger
e - Beastly Appendage     Tmut           ######       1%          1    None
h - Blade Hands           Tmut           ######....   2%          5    #####..
k - Sticks to Snakes      Tmut           ######..     1%          2    None
p - Spider Form           Tmut/Pois      #####.....   1%          3    None


Dungeon Overview and Level Annotations

Branches:
Dungeon (9/15)             Temple (1/1) D:4             Orc (1/2) D:9
   Lair: D:8-11

Altars:
Ashenzari
Cheibriados
Dithmenos
Fedhas
Gozag
Kikubaaqudgha
Makhleb
Nemelex Xobeh
Okawaru
Qazlal
Ru
Trog
Uskayaw
Vehumet
Wu Jian
Yredelemnul
Zin
The Shining One

Shops:
D:6 (   D:7 *

Annotations:
D:6 Blork the orc


Innate Abilities, Weirdness & Mutations

Your experience applies equally to all skills.
You have very sharp teeth.
Your uncanny sense of smell can sniff out nearby items.


Message History

Found 20 sling bullets.
Casting: Sticks to Snakes
Confirm with . or Enter, or press ? or * to list all spells.
You create a snake!
You now have 50 arrows.
Casting: Sticks to Snakes
Confirm with . or Enter, or press ? or * to list all spells.
You miscast Blade Hands.
Your hands glow momentarily.
You are feeling hungry.
The ufetubus barely misses you. The ufetubus hits you.
Casting: Blade Hands
Confirm with . or Enter, or press ? or * to list all spells.
Your hands turn into razor-sharp scythe blades.
The ufetubus closely misses you. The ufetubus hits you.
Unknown command.
You slash the ufetubus!
You kill the ufetubus!
Cheibriados appreciates the change of pace.
You hit the leopard gecko.
The leopard gecko is heavily wounded.
The leopard gecko misses you.
You slash the leopard gecko!
You kill the leopard gecko!
Cheibriados appreciates the change of pace.
Found a stone staircase leading down.
There is a stone staircase leading down here.
You climb downwards.
Your summoned ally is left behind.
Found 19 stones.
There is a stone staircase leading up here.
Unknown command.
Found 2 potions of curing.
Found a staircase to the Orcish Mines.
Your transformation is almost over.
You see here 2 potions of curing.
k - 4 potions of curing (gained 2)
Your hands revert to their normal proportions.
You eat one of the 4 rations.
That ration really hit the spot!
There is a staircase to the Orcish Mines here.
You climb downwards.
Welcome to the Orcish Mines!
A warg, an orc and an ogre come into view.
The orc shouts!
You hear a shout! x2; The ogre shouts!
The warg howls!
You hear a shout!
Found 39 gold pieces.
Found a stone staircase leading down.
There is a staircase back to the Dungeon here.
An orc comes into view. It is wielding a mace.
The orc moves out of view.
Found 17 gold pieces.
An orc warrior comes into view. It is wielding a scimitar.
Found 26 gold pieces.
Unknown command.
You see here 26 gold pieces.
Casting: Blade Hands
Confirm with . or Enter, or press ? or * to list all spells.
You create a snake!
You now have 49 arrows.
Your magical contamination has completely faded away.
Casting: Sticks to Snakes
Confirm with . or Enter, or press ? or * to list all spells.
You miscast Blade Hands.
You are very lightly contaminated with residual magic.
Your limbs ache and wobble like jelly!
The warg bites you!
* * * LOW HITPOINT WARNING * * *
The orc closely misses you.
Your ball python barely misses the warg.
Casting: Blade Hands
Confirm with . or Enter, or press ? or * to list all spells.
You miscast Blade Hands.
Nothing appears to happen.
The warg misses you.
Your ball python closely misses the warg.
The orc barely misses you.
Casting: Blade Hands
Confirm with . or Enter, or press ? or * to list all spells.
Okay, then.
You feel very mighty all of a sudden. The warg bites you!
* * * LOW HITPOINT WARNING * * *
Your ball python closely misses the warg.
The orc completely misses you. The warg bites you but does no damage.
It was a potion of brilliance.
You feel clever all of a sudden.
Your ball python bites the warg but does no damage.
The warg bites you!
* * * LOW HITPOINT WARNING * * *
The orc closely misses you.
It was a potion of magic.
Magic courses through your body.
Your ball python barely misses the warg.
The warg bites you but does no damage. The orc barely misses you.
Your ball python misses the warg.
You feel better. The warg barely misses you. The orc completely misses you.
Your ball python closely misses the warg.
The warg barely misses you.
You punch the warg!
The warg is heavily wounded.
The warg misses you.
Your ball python misses the warg.
The orc misses you.
You closely miss the warg. You punch the warg.
The warg is severely wounded.
The warg bites you!
* * * LOW HITPOINT WARNING * * *
Your ball python closely misses the warg.
The orc hits you with a dagger.
You die...

###........
##..#.......
...........
#..#.....$#
##..........
##..h........
#Soooo...$...
###h##....#...
#..o@###oo....
#.......#
......
#..#.#.#.
..... #..
##.##.. .....
## .. ..# .O..
##. ..# ....
.. ... # #.##


You could see a warg, 2 orcs and a friendly ball python.

Vanquished Creatures
  The ghost of Ashar the Carver, a novice DsMo of Wu Jian (D:8)
  A hornet (D:7)
  2 sky beasts
  A phantom (D:6)
  3 bullfrogs
  2 scorpions
  A hound (D:5)
  A jelly (D:8)
  An orc priest (D:5)
  An iguana (D:7)
  3 worker ants
  A hound zombie (D:7)
  A hound skeleton (D:7)
  2 mummies (Ossuary)
  5 gnolls (D:7)
  An adder (D:2)
  A shadow imp (D:8)
  An ufetubus (D:8)
  2 adder zombies
  2 worms
  2 dart slugs
  3 leopard geckos
  8 orcs
  A ball python (D:5)
  3 giant cockroaches
  A goblin (D:3)
  A hobgoblin (D:2)
  2 quokkas
  A ball python skeleton (D:4)
  3 bats (D:3)
  A frilled lizard (D:2)
  A goblin zombie (Ossuary)
  4 hobgoblin zombies (Ossuary)
  A jackal skeleton (D:5)
  3 kobolds
  2 kobold zombies (Ossuary)
  A rat (D:3)
71 creatures vanquished.

Vanquished Creatures (collateral kills)
  An ogre (D:6)
  A crimson imp (D:6)
  A mummy (Ossuary)
  A gnoll (D:7)
  An adder (D:3)
  An adder zombie (Ossuary)
  2 orcs (D:6)
  3 goblin zombies (Ossuary)
  A hobgoblin zombie (Ossuary)
  A kobold zombie (Ossuary)
  A quokka zombie (Ossuary)
  3 rat zombies (Ossuary)
17 creatures vanquished.

Grand Total: 88 creatures vanquished

Notes
Turn   | Place    | Note
-------+----------+-------------------------------------------
     0 | D:1      | tidbits the Gnoll Transmuter began the quest for the Orb.
     0 | D:1      | Reached XP level 1. HP: 17/17 MP: 6/6
    20 | D:2      | Reached XP level 2. HP: 23/23 MP: 5/7
    26 | D:2      | Learned a level 2 spell: Sticks to Snakes
    47 | D:2      | Found a sparkling altar of Nemelex Xobeh.
   117 | D:3      | Reached XP level 3. HP: 28/28 MP: 6/9
   122 | D:3      | Reached skill level 5 in Spellcasting
   127 | D:3      | Learned a level 3 spell: Spider Form
   324 | D:3      | Reached skill level 1 in Invocations
   421 | D:4      | Reached skill level 1 in Short Blades
   421 | D:4      | Reached skill level 1 in Long Blades
   421 | D:4      | Reached skill level 1 in Axes
   421 | D:4      | Reached skill level 1 in Maces & Flails
   421 | D:4      | Reached skill level 1 in Polearms
   421 | D:4      | Reached skill level 1 in Staves
   421 | D:4      | Reached skill level 1 in Slings
   421 | D:4      | Reached skill level 1 in Bows
   421 | D:4      | Reached skill level 1 in Crossbows
   421 | D:4      | Reached skill level 1 in Throwing
   421 | D:4      | Reached skill level 1 in Armour
   421 | D:4      | Reached skill level 1 in Stealth
   421 | D:4      | Reached skill level 1 in Shields
   421 | D:4      | Reached skill level 1 in Evocations
   421 | D:4      | Reached XP level 4. HP: 30/34 MP: 7/11
   442 | D:4      | Found a staircase to the Ecumenical Temple.
   454 | Temple   | Entered the Ecumenical Temple
   506 | Temple   | Became a worshipper of Cheibriados the Contemplative
   528 | D:4      | Reached skill level 1 in Conjurations
   528 | D:4      | Reached skill level 1 in Hexes
   528 | D:4      | Reached skill level 1 in Charms
   528 | D:4      | Reached skill level 1 in Summonings
   528 | D:4      | Reached skill level 1 in Necromancy
   528 | D:4      | Reached skill level 1 in Translocations
   528 | D:4      | Reached skill level 1 in Fire Magic
   528 | D:4      | Reached skill level 1 in Ice Magic
   528 | D:4      | Reached skill level 1 in Air Magic
   528 | D:4      | Reached skill level 1 in Earth Magic
   528 | D:4      | Reached skill level 1 in Poison Magic
   541 | D:5      | Entered Level 5 of the Dungeon
   541 | D:5      | Noticed a bullfrog
   545 | D:5      | Killed a bullfrog
   545 | D:5      | Reached XP level 5. HP: 28/40 MP: 10/12
   551 | D:5      | Reached skill level 3 in Fighting
   551 | D:5      | Reached skill level 4 in Transmutations
   622 | D:4      | Found a sacrificial altar of Ru.
   650 | D:5      | Found a burning altar of Makhleb.
   650 | D:5      | Noticed a centaur
   671 | D:5      | Reached XP level 6. HP: 46/47 MP: 10/13
   736 | D:6      | Noticed a sky beast
   736 | D:6      | Reached skill level 2 in Invocations
   767 | D:6      | HP: 7/70 [sky beast (5)]
   768 | D:6      | Killed a sky beast
   768 | D:6      | Reached skill level 2 in Short Blades
   768 | D:6      | Reached skill level 2 in Long Blades
   768 | D:6      | Reached skill level 2 in Axes
   768 | D:6      | Reached skill level 2 in Maces & Flails
   768 | D:6      | Reached skill level 2 in Polearms
   768 | D:6      | Reached skill level 2 in Staves
   768 | D:6      | Reached skill level 2 in Slings
   768 | D:6      | Reached skill level 2 in Bows
   768 | D:6      | Reached skill level 2 in Crossbows
   768 | D:6      | Reached skill level 2 in Throwing
   768 | D:6      | Reached skill level 2 in Armour
   768 | D:6      | Reached skill level 5 in Dodging
   768 | D:6      | Reached skill level 2 in Stealth
   768 | D:6      | Reached skill level 2 in Shields
   768 | D:6      | Reached skill level 2 in Evocations
   793 | D:6      | Noticed Blork the orc
   877 | D:5      | Found a sand-covered staircase.
   899 | Ossuary  | Entered an ossuary
   938 | Ossuary  | Reached * piety under Cheibriados
  1093 | D:7      | Noticed an orc warrior
  1108 | D:6      | Found Imatogie's Weapon Shoppe.
  1125 | D:6      | Reached XP level 7. HP: 43/52 MP: 9/15
  1160 | D:6      | Reached ** piety under Cheibriados
  1160 | D:6      | Reached skill level 7 in Unarmed Combat
  1169 | D:6      | Found an ancient bone altar of Kikubaaqudgha.
  1189 | D:6      | Reached skill level 2 in Conjurations
  1189 | D:6      | Reached skill level 2 in Hexes
  1189 | D:6      | Reached skill level 2 in Charms
  1189 | D:6      | Reached skill level 2 in Summonings
  1189 | D:6      | Reached skill level 2 in Necromancy
  1189 | D:6      | Reached skill level 2 in Translocations
  1189 | D:6      | Reached skill level 2 in Fire Magic
  1189 | D:6      | Reached skill level 2 in Ice Magic
  1189 | D:6      | Reached skill level 2 in Air Magic
  1189 | D:6      | Reached skill level 2 in Earth Magic
  1189 | D:6      | Reached skill level 2 in Poison Magic
  1196 | D:6      | Learned a level 5 spell: Blade Hands
  1293 | D:7      | Noticed a hornet
  1295 | D:7      | Reached skill level 3 in Invocations
  1302 | D:7      | Killed a hornet
  1302 | D:7      | Reached skill level 4 in Fighting
  1302 | D:7      | Reached skill level 3 in Short Blades
  1302 | D:7      | Reached skill level 3 in Long Blades
  1302 | D:7      | Reached skill level 3 in Axes
  1302 | D:7      | Reached skill level 3 in Maces & Flails
  1302 | D:7      | Reached skill level 3 in Polearms
  1302 | D:7      | Reached skill level 3 in Staves
  1302 | D:7      | Reached skill level 3 in Slings
  1302 | D:7      | Reached skill level 3 in Bows
  1302 | D:7      | Reached skill level 3 in Crossbows
  1302 | D:7      | Reached skill level 3 in Throwing
  1302 | D:7      | Reached skill level 3 in Armour
  1302 | D:7      | Reached skill level 3 in Stealth
  1302 | D:7      | Reached skill level 3 in Shields
  1302 | D:7      | Reached skill level 3 in Evocations
  1302 | D:7      | Reached XP level 8. HP: 27/60 MP: 1/16
  1387 | D:7      | Found Coriomis's Assorted Antiques.
  1395 | D:7      | Bought a scroll labeled NUMUDAOJIRR for 33 gold pieces
  1395 | D:7      | Bought a scroll labeled NUMUDAOJIRR for 33 gold pieces
  1395 | D:7      | Bought a coppery potion for 29 gold pieces
  1395 | D:7      | Bought a viscous white potion for 29 gold pieces
  1395 | D:7      | Bought a bubbling blue potion for 29 gold pieces
  1419 | D:8      | Noticed Ashar's ghost (novice DsMo)
  1436 | D:8      | Killed Ashar's ghost
  1436 | D:8      | Reached skill level 6 in Spellcasting
  1469 | D:8      | Noticed a polar bear
  1484 | D:8      | Reached skill level 3 in Conjurations
  1484 | D:8      | Reached skill level 3 in Hexes
  1484 | D:8      | Reached skill level 3 in Charms
  1484 | D:8      | Reached skill level 3 in Summonings
  1484 | D:8      | Reached skill level 3 in Necromancy
  1484 | D:8      | Reached skill level 3 in Translocations
  1484 | D:8      | Reached skill level 3 in Fire Magic
  1484 | D:8      | Reached skill level 3 in Ice Magic
  1484 | D:8      | Reached skill level 3 in Air Magic
  1484 | D:8      | Reached skill level 3 in Earth Magic
  1484 | D:8      | Reached skill level 3 in Poison Magic
  1484 | D:8      | Reached skill level 4 in Invocations
  1542 | D:9      | Found a staircase to the Orcish Mines.
  1565 | Orc:1    | Entered Level 1 of the Orcish Mines
  1578 | Orc:1    | HP: 3/61 [warg (16)]
  1578 | Orc:1    | Slain by an orc

Skill      XL: |  1  2  3  4  5  6  7  8 |
---------------+-------------------------+-----
Spellcasting   | 5 6 |  6.2
Invocations    | 1 2 3 4 |  4.0
Short Blades   | 1 2 3 |  3.6
Long Blades    | 1 2 3 |  3.6
Axes           | 1 2 3 |  3.6
Maces & Flails | 1 2 3 |  3.6
Polearms       | 1 2 3 |  3.6
Staves         | 1 2 3 |  3.6
Slings         | 1 2 3 |  3.6
Bows           | 1 2 3 |  3.6
Crossbows      | 1 2 3 |  3.6
Throwing       | 1 2 3 |  3.6
Armour         | 1 2 3 |  3.6
Stealth        | 1 2 3 |  3.6
Shields        | 1 2 3 |  3.6
Evocations     | 1 2 3 |  3.6
Conjurations   | 1 2 3 |  3.0
Hexes          | 1 2 3 |  3.0
Charms         | 1 2 3 |  3.0
Summonings     | 1 2 3 |  3.0
Necromancy     | 1 2 3 |  3.0
Translocations | 1 2 3 |  3.0
Fire Magic     | 1 2 3 |  3.0
Ice Magic      | 1 2 3 |  3.0
Air Magic      | 1 2 3 |  3.0
Earth Magic    | 1 2 3 |  3.0
Poison Magic   | 1 2 3 |  3.0
Fighting       | 3 4 |  4.5
Transmutations | 4 |  4.9
Dodging        | 5 |  5.9
Unarmed Combat | 7 |  7.5

Action                   |  1- 3 |  4- 6 |  7- 9 || total
-------------------------+-------+-------+-------++-------
Melee: Unarmed           |    30 |   114 |    81 ||   225
       Punch             |     1 |       |     1 ||     2
       Bite              |       |     1 |     5 ||     6
 Cast: Beastly Appendage |     4 |       |       ||     4
       Sticks to Snakes  |     2 |     8 |    15 ||    25
       Spider Form       |     7 |    15 |     7 ||    29
       Blade Hands       |       |       |     2 ||     2
Evoke: Wand              |       |     2 |       ||     2
  Use: Scroll            |       |     3 |     2 ||     5
       Potion            |       |     2 |    12 ||    14
 Stab: Sleeping          |     1 |     3 |     3 ||     7
       Distracted        |       |     1 |       ||     1
  Eat: Ration            |       |     1 |     1 ||     2
Armor: Robe              |     2 |     2 |     3 ||     7
       Skin              |     1 |     4 |    11 ||    16
Dodge: Dodged            |    20 |    85 |    76 ||   181

Table legend:
 A = Turns spent in this place as a percentage of turns spent in the entire game.
 B = Non-inter-level travel turns spent in this place as a percentage of non-inter-level travel turns spent in the entire game.
 C = Inter-level travel turns spent in this place as a percentage of turns spent in this place.
 D = Turns resting spent in this place as a percentage of non-inter-level travel turns spent in this place.
 E = Turns spent auto-exploring this place as a percentage of non-inter-level travel turns spent in this place.
 F = Non-inter-level travel turns spent in this place divided by the number of levels of this place that you've seen.
                   A       B       C       D       E      F
               +-------+-------+-------+-------+-------+----------------------
         Total | 100.0 | 100.0 |   0.6 |   0.0 |   0.0 | 130.7
       Dungeon |  84.5 |  85.1 |   0.0 |   0.0 |   0.0 | 148.2
        Temple |   4.4 |   3.8 |  14.5 |   0.0 |   0.0 |  59.0
  Orcish Mines |   0.8 |   0.8 |   0.0 |   0.0 |   0.0 |  13.0
       Ossuary |  10.3 |  10.3 |   0.0 |   0.0 |   0.0 | 162.0
               +-------+-------+-------+-------+-------+----------------------

Table legend:
 A = Kills in this place as a percentage of kills in entire the game.
 B = Kills by you in this place as a percentage of kills by you in the entire game.
 C = Kills by friends in this place as a percentage of kills by friends in the entire game.
 D = Other kills in this place as a percentage of other kills in the entire game.
 E = Experience gained in this place as a percentage of experience gained in the entire game.
 F = Experience gained in this place divided by the number of levels of this place that you have seen.
                   A       B       C       D       E      F
               +-------+-------+-------+-------+-------+----------------------
         Total | 100.0 | 100.0 | 100.0 |   N/A | 100.0 | 193.6
       Dungeon |  76.1 |  85.9 |  35.3 |   N/A |  96.6 | 249.3
       Ossuary |  23.9 |  14.1 |  64.7 |   N/A |   3.4 |  79.0
               +-------+-------+-------+-------+-------+----------------------

Vault maps used:
D:1:      lemuel_arrival_river_bridge
D:2:      nicolae_overflow_crystal_walls, overflow_temple_1_default,
          first_ration, chequers_ecumenical_altar_lobes, minmay_lizard_king
D:4:      minmay_temple_entry_butterflies, serial_shops, shop,
          nicolae_ru_awakened_eye
D:5:      lemuel_crystal_altar, regret_index_temple_of_mockery,
          nicolae_ossuary_entry_ruins
D:6:      old_standard_altar, serial_shops, shop, uniq_blork_the_orc,
          uniq_prince_ribbit1
D:7:      serial_shops, nicolae_shop_competitors_out_of_business,
          nicolae_shop_overgrown_old_shop
D:8:      david_lair_shrubbed, serial_ice, serial_ice_j, serial_ice_c,
          serial_ice_h, serial_ice_f
D:9:      orc_0_dummy, grunt_ogre_cave, nicolae_dithmenos_through_a_glass_darkly
Temple:   eino_temple_rhombus
Orc:1:    basic_altar, serial_shops, shop, okawaru_metal_pillars_1_2
Ossuary:  ossuary_minmay_chase
